 Dungeon Crawl Stone Soup version 0.28-a0-1117-g0bdd5ba030 (webtiles) character file.

Game seed: 13196726835143394131

8 SensoryNuts the Slasher (level 2, 22/22 HPs)
             Began as a Demonspawn Gladiator on Dec 12, 2021.
             Quit the game on level 1 of the Dungeon.
             The game lasted 00:00:12 (122 turns).

SensoryNuts the Slasher (Demonspawn Gladiator)       Turns: 122, Time: 00:00:13

Health: 22/22      AC:  3    Str: 14    XL:     2   Next: 0%
Magic:  2/2        EV: 12    Int:  9    God:
Gold:   6          SH:  0    Dex: 14    Spells: 1/1 levels left

rFire   . . .      SeeInvis .   a - +0 long sword
rCold   . . .      Faith    .   (no shield)
rNeg    . . .      Spirit   .   b - +0 leather armour
rPois   .          Reflect  .   (helmet restricted)
rElec   .          Harm     .   (no cloak)
rCorr   .          Rampage  .   (no gloves)
Will    .....                   (no boots)
Stlth   +.........              (no amulet)
HPRegen 0.07/turn               (no ring)
MPRegen 0.08/turn               (no ring)

@: no status effects
A: antennae 1
a: no special abilities


You were on level 1 of the Dungeon.
You visited 1 branch of the dungeon, and saw 1 of its levels.

You collected 6 gold pieces.

Inventory:

Hand Weapons
 a - a +0 long sword (weapon)
Missiles
 d - 3 throwing nets (quivered)
Armour
 b - a +0 leather armour (worn)
 c - a +0 helmet


   Skills:
 + Level 2.3 Fighting
 + Level 2.9 Long Blades
 + Level 1.8 Throwing
 + Level 2.8 Dodging


You had one spell level left.
You didn't know any spells.
Your spell library was empty.

Dungeon Overview and Level Annotations

Branches:
Dungeon (1/15)

Altars:


Innate Abilities, Weirdness & Mutations

You have a pair of small antennae on your head.


Message History

The jackal bites you but does no damage.
The jackal misses you.
You slash the jackal!
You kill the jackal!
No target in view!
No target in view!
No target in view!
No target in view!
No target in view!
A jackal comes into view.
A jackal is nearby!
A jackal is nearby!
A jackal is nearby!
The jackal barks!
The jackal closely misses you.
The jackal bites you but does no damage.
You hit the jackal but do no damage. The jackal barely misses you.
You hit the jackal but do no damage. The jackal barely misses you.
The jackal closely misses you.
You slash the jackal!
You kill the jackal!
You have reached level 2!
Your demonic ancestry asserts itself...
A pair of antennae grows on your head!
Your +0 helmet falls away!
HP restored.
You open the door.
A bat comes into view.
Found a scroll labelled VESCHA XUNESMIDDI.
There is an open door here.
A bat is nearby!
A bat is nearby!
A bat comes into view.
The bat closely misses you. The bat completely misses you.
There are monsters nearby!
There are monsters nearby!
There are monsters nearby!
Unknown command.
Unknown command.
Are you sure you want to abandon this character and quit the game? (Confirm with "yes".)

## .### #..#########
#..#†.......
+..#.#########
#..#.#.......#
##..'...#.#...#
#..@#.#.#.#.###
#...b#.#.#.....#
#...?#.#.###.#.# #
+.............>#.#
#........#####.#.####
+........# #.........
#........###.#.#####.
#..b...............#
....###.#####.#


You could see 2 bats.

Vanquished Creatures
  A dart slug (D:1)
  4 jackals (D:1)
5 creatures vanquished.

Notes
Turn   | Place    | Note
-------+----------+-------------------------------------------
     0 | D:1      | SensoryNuts the Demonspawn Gladiator began the quest for
                  | the Orb.
     0 | D:1      | Reached XP level 1. HP: 16/16 MP: 1/1
   107 | D:1      | Gained mutation: You have a pair of small antennae on your
                  | head. [demonic ancestry]
   107 | D:1      | Reached XP level 2. HP: 21/22 MP: 2/2
   122 | D:1      | Quit the game

Illustrated notes

Levels and vault maps discovered:
D:1:      saegor_arrival_under_anarchy, layout_basic,
          chequers_ecumenical_altar_simple, dk_noncrumbling_4

Action                   || total
-------------------------++-------
Melee: Long sword        ||    13
Armor: Leather armour    ||     5
Dodge: Dodged            ||    19

Table legend: (Time is in decaauts)
 A = Elapsed time spent in this place.
 B = Non-inter-level travel time spent in this place.
 C = Inter-level travel time spent in this place.
 D = Time resting spent in this place.
 E = Time spent auto-exploring this place.
 F = Levels seen in this place.
 G = Mean time per level.
                   A        B        C        D        E       F      G
               +--------+--------+--------+--------+--------+-----+--------+
         Total |    125 |    125 |      0 |      0 |     99 |   1 |  125.0 |
       Dungeon |    125 |    125 |      0 |      0 |     99 |   1 |  125.0 |
               +--------+--------+--------+--------+--------+-----+--------+

Top non-repeatable levels by time:
     D:1: 125 daAuts
